 Dungeon Crawl Stone Soup version 0.21.1-1-g345015fe64 (webtiles) character file.

1906 Faustar the Skirmisher (level 8, -12/73 HPs)
             Began as a Demigod Wanderer on June 4, 2018.
             Mangled by a two-headed ogre
             ... wielding a +0 giant club
              (15 damage)
             ... on level 6 of the Dungeon.
             The game lasted 00:21:41 (7346 turns).

Faustar the Skirmisher (Demigod Wanderer)           Turns: 7346, Time: 00:21:42

Health: -12/73     AC: 19    Str: 24    XL:     8   Next: 62%
Magic:  13/13      EV: 13    Int: 16    God:
Gold:   233        SH:  2    Dex: 13    Spells: 10/10 levels left

rFire    . . .     SeeInvis .   v - +3 mace (protect)
rCold    . . .     Gourm    .   (no shield)
rNeg     . . .     Faith    .   w - +5 ring mail of Trog's Wrath {+Inv Str+3}
rPois    .         Spirit   .   (no helmet)
rElec    .         Reflect  +   (no cloak)
rCorr    .         Harm     .   A - +0 pair of gloves
MR       .....                  r - +0 pair of boots
Stlth    +.........             z - +2 amulet of reflection
HPRegen  0.22/turn              o - +3 ring of evasion
MPRegen  0.13/turn              (no ring)

@: protection aura
A: high mp 1
a: Evoke Invisibility


You were on level 6 of the Dungeon.
You were not hungry.

You visited 2 branches of the dungeon, and saw 7 of its levels.

You collected 233 gold pieces.

Inventory:

Hand Weapons
 s - a +0 flail of holy wrath
 u - a +1 short sword of speed
 v - a +3 mace of protection (weapon)
Armour
 a - a +0 shield
 r - a +0 pair of boots (worn)
 w - the +5 ring mail of Trog's Wrath (worn) {+Inv Str+3}
   (You found it on level 5 of the Dungeon)

   It affects your strength (+3).
   It lets you turn invisible.
 A - a +0 pair of gloves (worn)
Jewellery
 o - a +3 ring of evasion (left hand)
 z - a +2 amulet of reflection (around neck)
Wands
 y - a wand of random effects (19)
Scrolls
 d - a scroll of remove curse
 g - a scroll of fog
 h - 4 scrolls of identify
 m - 3 scrolls of amnesia
 t - a scroll of teleportation
 x - a scroll of enchant weapon
 C - a scroll of blinking {unknown}
Potions
 e - 6 potions of curing
 i - a potion of might
 j - a potion of heal wounds {unknown}
 k - a potion of brilliance {unknown}
 l - 4 potions of haste {unknown}
 n - a potion of magic {unknown}
 p - 3 potions of agility {unknown}
 q - 2 potions of mutation {unknown}
 B - a potion of resistance {unknown}
Books
 c - the Almanac of Toxins

   Spells                             Type                      Level
   a - Sting                          Conjuration/Poison           1
   b - Ignite Poison                  Fire/Transmutation/Poison    3
 D - a book of Changes

   Spells                             Type                      Level
   a - Beastly Appendage              Transmutation                1
   b - Sticks to Snakes               Transmutation                2
   c - Spider Form                    Transmutation/Poison         3
   d - Ice Form                       Ice/Transmutation            4
   e - Blade Hands                    Transmutation                5
Comestibles
 f - 15 rations


   Skills:
 + Level 7.4 Fighting
 + Level 7.4 Maces & Flails
   Level 1.7 Bows
 - Level 1.0 Throwing
 - Level 1.0 Armour
 - Level 1.0 Shields
 - Level 1.7 Spellcasting
   Level 1.7 Hexes
   Level 1.0 Air Magic


You had 10 spell levels left.
You didn't know any spells.

Dungeon Overview and Level Annotations

Branches:
Dungeon (6/15)             Temple (1/1) D:4

Annotations:
D:6 1 runed door


Innate Abilities, Weirdness & Mutations

You have an increased reservoir of magic. (+10% MP)


Message History

The two-headed ogre is almost dead.
The two-headed ogre misses you.
The two-headed ogre hits you with a giant club!!
* * * LOW HITPOINT WARNING * * *
Evoke which item? (* to show all) (? for menu, Esc to quit)
Aiming: Random Effects
Press: ? - help, Shift-Dir - straight line, f/p - two-headed ogre
Aim: a two-headed ogre, wielding two giant clubs (almost dead)
The puff of flame hits the two-headed ogre.
The two-headed ogre is almost dead.
The two-headed ogre hits you but does no damage.
The two-headed ogre barely misses you.
Evoke which item? (* to show all) (? for menu, Esc to quit)
Aiming: Random Effects
Press: ? - help, Shift-Dir - straight line, f/p - two-headed ogre
Aim: a two-headed ogre, wielding two giant clubs (almost dead)
The two-headed ogre flickers and vanishes!
Deactivating autopickup; reactivate with Ctrl-A.
Something hits you!
You die...

#.#.......###.##.####
#.#..####.# #.##.# #
#.#..####.# #.##.# #
#.#....##.# #....# #
#.##.#.##.# ###### #
#.##...##.# #
#.#######.# #
#.#######.# #
#..{@.....#
###########


There were no monsters in sight!

Vanquished Creatures
  A hippogriff (D:6)
  Sigmund (D:6)
  Eustachio (D:6)
  An orc warrior (D:6)
  5 ogres
  2 centaurs (D:5)
  4 bullfrogs (D:6)
  The ghost of robveelben the Skirmisher, a weakling DsAK of Lugonu (D:3)
  A crimson imp (D:6)
  An orc priest (D:4)
  A centaur skeleton (D:4)
  3 hounds
  2 iguanas
  2 worker ants
  A hound skeleton (D:4)
  A worker ant zombie (D:6)
  7 gnolls
  4 adders
  2 worms (D:2)
  2 dart slugs
  8 orcs
  5 bats
  A giant cockroach (D:1)
  8 hobgoblins
  6 jackals
  A quokka (D:5)
  3 frilled lizards
  A giant cockroach zombie (D:4)
  5 goblins
  7 kobolds
  A quokka skeleton (D:4)
  10 rats
99 creatures vanquished.

Notes
Turn   | Place    | Note
-------+----------+-------------------------------------------
     0 | D:1      | Faustar the Demigod Wanderer began the quest for the Orb.
     0 | D:1      | Faustar set off with: a +0 shield, a +0 ring mail, the Almanac of Toxins, a +0 club, a ration
     0 | D:1      | Reached XP level 1. HP: 14/14 MP: 5/5
    80 | D:1      | Identified the Almanac of Toxins
   514 | D:1      | Reached skill level 1 in Fighting
   514 | D:1      | Reached skill level 1 in Maces & Flails
   575 | D:1      | Reached XP level 2. HP: 22/23 MP: 7/7
  1439 | D:2      | Reached XP level 3. HP: 28/29 MP: 8/8
  2167 | D:3      | Noticed robveelben's ghost (weakling DsAK)
  2221 | D:3      | Killed robveelben's ghost
  2221 | D:3      | Reached XP level 4. HP: 25/37 MP: 9/9
  2452 | D:3      | Found an ornate altar of the Wu Jian Council.
  2467 | D:3      | Found a snail-covered altar of Cheibriados.
  2467 | D:3      | Found a stormy altar of Qazlal.
  2467 | D:3      | Found a hazy altar of Hepliaklqana.
  2468 | D:3      | Found a shattered altar of Ashenzari.
  2482 | D:3      | Found a sparkling altar of Nemelex Xobeh.
  2483 | D:3      | Found an iron altar of Okawaru.
  3372 | D:4      | Noticed an ogre
  3446 | D:4      | Found a staircase to the Ecumenical Temple.
  3487 | Temple   | Entered the Ecumenical Temple
  3512 | D:5      | Entered Level 5 of the Dungeon
  3569 | D:4      | Reached XP level 5. HP: 43/45 MP: 10/10
  4729 | D:5      | Noticed a centaur
  4737 | D:5      | Killed a centaur
  4737 | D:5      | Reached XP level 6. HP: 45/52 MP: 11/11
  5510 | D:5      | Got a spiked ring mail
  5521 | D:5      | Identified the +5 ring mail of Trog's Wrath {+Inv Str+3} (You found it on level 5 of the Dungeon)
  5649 | D:5      | Reached XP level 7. HP: 55/60 MP: 12/12
  5818 | D:5      | Reached skill level 5 in Fighting
  5962 | D:4      | Reached skill level 5 in Maces & Flails
  6044 | D:6      | Noticed Sigmund
  6046 | D:6      | Killed Sigmund
  6320 | D:6      | Reached XP level 8. HP: 57/70 MP: 13/13
  6417 | D:6      | Noticed a hippogriff
  6438 | D:6      | Killed a hippogriff
  6694 | D:6      | Found a runed door.
  6788 | D:6      | Noticed Eustachio
  6929 | D:6      | Killed Eustachio
  7329 | D:6      | Noticed a two-headed ogre
  7344 | D:6      | HP: 2/73 [two-headed ogre/giant club (20)]
  7346 | D:6      | Mangled by a two-headed ogre

Skill      XL: |  1  2  3  4  5  6  7  8 |
---------------+-------------------------+-----
Fighting       | 1 2 3 4 6 7 |  7.4
Maces & Flails | 1 2 3 4 6 7 |  7.4
Bows           | |  1.7
Throwing       | |  1.0
Armour         | |  1.0
Shields        | |  1.0
Spellcasting   | |  1.7
Hexes          | |  1.7
Air Magic      | |  1.0

Action                   |  1- 3 |  4- 6 |  7- 9 || total
-------------------------+-------+-------+-------++-------
Melee: Mace              |   167 |   128 |   145 ||   440
       Club              |     5 |       |       ||     5
Evoke: Wand              |       |     1 |    11 ||    12
  Use: Scroll            |     1 |     8 |       ||     9
       Potion            |     1 |       |       ||     1
 Stab: Confused          |       |     1 |       ||     1
  Eat: Chunk             |     4 |    10 |     7 ||    21
Armor: Ring mail         |    64 |    52 |    63 ||   179
Dodge: Dodged            |   118 |    97 |    94 ||   309
Block: Shield            |     4 |       |       ||     4
       Other             |       |       |     6 ||     6
